 Dungeon Crawl Stone Soup version 0.16.1-4-g8e1b745 (webtiles) character file.

121 ventricule the Bolt Thrower (level 5, -1/33 HPs)
             Began as an Octopode Arcane Marksman on Mar 27, 2015.
             Slain by a gnoll
             ... wielding a +0 halberd
              (12 damage)
             ... on level 3 of the Dungeon.
             The game lasted 00:06:01 (4927 turns).

ventricule the Bolt Thrower (OpAM)                  Turns: 4927, Time: 00:06:01

Health: -1/33      AC:  1    Str: 11    XL:     5   Next: 5%
Magic:  6/7        EV: 11    Int: 16    God:
Gold:   78         SH:  4    Dex: 11    Spells: 2 memorised, 3 levels left

rFire  . . .     SeeInvis .     (no weapon)
rCold  . . .     Clarity  .     n - +1 buckler {rN+}
rNeg   + . .     SustAb   .     (helmet restricted)
rPois  .         Gourm    .     (no amulet)
rElec  .         Spirit   .     a - ring of loudness (curse)
rCorr  .         Warding  .     (no ring)
rMut   .         Stasis   .     (no ring)
MR     .....                    (no ring)
Stlth  +.........               (no ring)
                                (no ring)
                                (no ring)
                                (no ring)

@: very slightly contaminated, not resistant to hostile enchantments, very
unstealthy
A: almost no armour, amphibious, 8 rings, constrict 8, camouflage 1, gelatinous
body 1
a: no special abilities


You were on level 3 of the Dungeon.
You were hungry.

You visited 1 branch of the dungeon, and saw 3 of its levels.

You collected 78 gold pieces.

Inventory:

Hand weapons
 b - a +0 hand crossbow
Missiles
 c - 34 bolts
 q - 15 bolts of flame
Armour
 n - a +1 buckler of positive energy (worn)
Jewellery
 a - a cursed ring of loudness (left tentacle)
Scrolls
 e - a scroll of amnesia {unknown}
 k - a scroll of identify {unknown}
 p - a scroll of random uselessness {unknown}
Potions
 g - 2 potions of haste {unknown}
 h - a potion of might {unknown}
 i - 2 potions of brilliance {unknown}
 j - a potion of restore abilities {unknown}
 l - a potion of curing {unknown}
 m - a potion of flight {unknown}
Books
 d - a book of Debilitation

   Spells                             Type                      Level
   a - Corona                         Hexes                        1
   b - Slow                           Hexes                        2
   c - Inner Flame                    Hexes/Fire                   3
   d - Enslavement                    Hexes                        4
   e - Cause Fear                     Hexes                        4
   f - Leda's Liquefaction            Hexes/Earth                  4
Comestibles
 f - 2 bread rations
 o - a fruit


   Skills:
 - Level 1.0 Fighting
 + Level 5.0 Crossbows
 - Level 2.0 Dodging
 - Level 1.0 Spellcasting
 - Level 3.0 Hexes


You had 3 spell levels left.
You knew the following spells:

 Your Spells              Type           Power        Failure   Level  Hunger
a - Corona                Hex            ##.....      14%         1    ##.....
b - Slow                  Hex            ##......     21%         2    ###....


Dungeon Overview and Level Annotations

Branches:
Dungeon (3/15)

Altars:


Innate Abilities, Weirdness & Mutations

You cannot wear most types of armour.
You are amphibious.
You can wear up to eight rings at the same time.
You can use your tentacles to constrict many enemies at once.
Your skin changes colour to match your surroundings (Stealth).
Your rubbery body absorbs attacks (AC +1).


Message History

You tentacle-slap the gnoll but do no damage.
The gnoll is severely wounded.
You constrict the gnoll. The gnoll completely misses you.
The gnoll barely misses you.
You tentacle-slap the gnoll but do no damage.
The gnoll is almost dead.
You constrict the gnoll.
You kill the gnoll!
Your Crossbows skill increases to level 5!
You have reached level 5!
You feel stronger.
The gnoll hits you from afar with a halberd!
* * * LOW HITPOINT WARNING * * *
The gnoll shouts!
The gnoll closely misses you. The gnoll barely misses you.
There is an escape hatch in the ceiling here.
The gnoll closely misses you.
The gnoll hits you from afar with a halberd!
You die...

.............g.......
..##...##..#.#####.#.#.
#..##...##............#
............#.#######.#
.#.#.................
...
#.#.#.#...##g.#.######
##
.......................
...........gg....#####
...#..#.#.#@.#..#.#
...#......#..#......
......>................
.P.......###..#..#.###
≈≈≈......###..#.....#
≈≈≈...........#..#.#
#≈≈......###.##..#.
#≈≈.##...# #.##..# ≈≈
#...###.##..######


You could see 3 gnolls.

Vanquished Creatures
  2 adders (D:2)
  A gnoll (D:3)
  A giant mite (D:2)
  4 worms
  3 giant geckos
  4 oozes
  An orc (D:2)
  A ball python (D:1)
  7 bats
  5 giant cockroaches
  3 goblins
  5 hobgoblins
  4 jackals (D:1)
  6 kobolds
  4 giant newts
  9 rats
60 creatures vanquished.

Notes
Turn   | Place    | Note
--------------------------------------------------------------
     0 | D:1      | ventricule, the Octopode Arcane Marksman, began the quest for the Orb.
     0 | D:1      | Reached XP level 1. HP: 13/13 MP: 2/2
   400 | D:1      | Reached XP level 2. HP: 4/18 MP: 0/3
  1104 | D:1      | Reached XP level 3. HP: 17/23 MP: 4/4
  1212 | D:1      | HP: 1/23 [giant gecko (4)]
  1994 | D:2      | Learned a level 2 spell: Slow
  2918 | D:2      | Reached skill level 4 in Crossbows
  3144 | D:2      | Reached XP level 4. HP: 17/28 MP: 5/5
  4910 | D:3      | Reached skill level 5 in Crossbows
  4910 | D:3      | Reached XP level 5. HP: 16/33 MP: 4/7
  4927 | D:3      | Slain by a gnoll

Action                   |  1- 3 |  4- 6 || total
-------------------------+-------+-------++-------
Melee: Unarmed           |   123 |    75 ||   198
 Fire: Hand crossbow     |    12 |     1 ||    13
 Cast: Corona            |    18 |     7 ||    25
       Slow              |     1 |     6 ||     7
 Stab: Sleeping          |     1 |       ||     1
  Eat: Chunk             |     2 |     6 ||     8
       Bread ration      |     1 |       ||     1
       Fruit             |       |     1 ||     1
